 Dungeon Crawl Stone Soup version 0.29.1-2-gbd0b4ee654 (webtiles) character file.

Game seed: 10766189736299239952

415 qeuew the Ducker (level 6, 0/48 HPs)
             Began as a Merfolk Gladiator on Nov 14, 2022.
             Splashed by a jelly's acid (6 damage)
             ... on level 5 of the Dungeon.
             The game lasted 00:04:23 (5722 turns).

qeuew the Ducker (Merfolk Gladiator)                Turns: 5722, Time: 00:04:23

Health: 0/48       AC:  0    Str: 14    XL:     6   Next: 92%
Magic:  6/6        EV: 13    Int:  7    God:
Gold:   241        SH:  0    Dex: 18    Spells: 5/5 levels left

rFire   . . .      SeeInvis .   a - +1 trident
rCold   . . .      Faith    .   (no shield)
rNeg    . . .      Spirit   .   k - +0 ring mail
rPois   .          Reflect  .   c - +1 helmet
rElec   .          Harm     .   (no cloak)
rCorr   .          Rampage  .   (no gloves)
Will    .....                   (no boots)
Stlth   +.........              (no amulet)
HPRegen 0.16/turn               (no ring)
MPRegen 0.10/turn               (no ring)

@: corroded
A: (nimble swimmer 2), mertail
a: no special abilities


You were on level 5 of the Dungeon.
You visited 1 branch of the dungeon, and saw 5 of its levels.

You collected 241 gold pieces.

Inventory:

Hand Weapons
 a - a +1 trident (weapon)
Missiles
 d - 3 throwing nets (quivered)
Armour
 c - a +1 helmet (worn)
 k - a +0 ring mail (worn)
Scrolls
 b - a scroll of torment {unknown}
 g - 5 scrolls of teleportation
 h - a scroll of vulnerability {unknown}
 j - a scroll of identify
 l - a scroll of butterflies {unknown}
Potions
 f - 2 potions of mutation
 i - a potion of degeneration {unknown}


   Skills:
 + Level 4.0 Fighting
 + Level 5.6 Polearms
 + Level 3.5 Throwing
 + Level 2.0 Armour
 + Level 5.7 Dodging


You had 5 spell levels left.
You didn't know any spells.
Your spell library contained the following spells:

 Spells                   Type           Power      Damage    Failure   Level
 Freeze                   Ice            0%         1d3       67%         1
 Confusing Touch          Hex            0%         N/A       95%         3
 Frozen Ramparts          Ice            0%         1d1       95%         3
 Portal Projectile        Hex/Tloc       0%         N/A       95%         3
 Tukima's Dance           Hex            0%         N/A       95%         3
 Hailstorm                Conj/Ice       0%         3d3       100%        4
 Blade Hands              Tmut           0%         N/A       100%        5
 Yara's Violent Unravell  Hex/Tmut       0%         3d3       100%        5
 Enfeeble                 Hex            0%         N/A       100%        7


Dungeon Overview and Level Annotations

Branches:
Dungeon (5/15)
 Temple: D:4-7

Altars:
Hepliaklqana
The Shining One

Shops:
D:4 !   D:5 [

Annotations:
D:4 2 runed translucent doors, funnyparkerb's ghost, amateur TrFi


Innate Abilities, Weirdness & Mutations

((You are very nimble when in or above water. (Stealth+, EV+, Speed+++)))
Your lower body shifts to a powerful aquatic tail in water.


Message History

You are too injured to fight recklessly!
You are too injured to fight recklessly!
You are too injured to fight recklessly!
You are too injured to fight recklessly!
You are too injured to fight recklessly!
You are too injured to fight recklessly!
You are too injured to fight recklessly!
You are too injured to fight recklessly!
You are too injured to fight recklessly!
You are too injured to fight recklessly!
You barely miss the jelly.
The jelly is heavily wounded.
The jelly hits you.
* * * LOW HITPOINT WARNING * * *
You are splashed with acid!
* * * LOW HITPOINT WARNING * * *
You see here 14 gold pieces.
Throw: 4 throwing nets
Press: ? - help, Q - select action, (/) - cycle Shift-Dir - straight line, f - jelly
Aim: a jelly (heavily wounded, 90% to hit)
You throw a throwing net. The throwing net hits the jelly.
The jelly is caught in the net!
The jelly is heavily wounded.
The jelly struggles against the net.
The jelly struggles against the net.
The jelly struggles against the net.
The jelly struggles against the net.
Okay, then.
Throw: javelin
Press: ? - help, Q - select action, (/) - cycle Shift-Dir - straight line, f/p - jelly
Aim: a jelly (moderately wounded, 90% to hit)
You throw a javelin. The javelin pierces through the jelly!
The jelly is almost dead.
Unknown command.
You are too injured to fight recklessly!
You are too injured to fight recklessly!
The jelly hits you.
* * * LOW HITPOINT WARNING * * *
You are splashed with acid.
You die...

#######.......
#..........#..
#(..J$........
#.#####[......
##########.## .......
...........# ....#..
###.######..####.......#
#........#J...#.....##.#
#.......@............' #
#..###.#..#.#............
#....#.#..#.[#....# ..#.
#..#.#.#..#..#....# ...
#..#.#.#..#..#....# #.
####.#.#..#.......# #.
#.#.#..#.^#.#..# #.
#.#.#..##.#.#..# #.
#.#.......#.#..# #.


You could see a jelly.

Vanquished Creatures
  A centaur (D:5)
  A howler monkey (D:4)
  A hound (D:5)
  Natasha (D:2)
  2 iguanas (D:5)
  4 gnolls
  6 adders
  A river rat (D:5)
  An ufetubus (D:4)
  2 worms (D:2)
  3 dart slugs
  10 orcs
  7 endoplasms
  5 giant cockroaches
  A goblin (D:1)
  6 hobgoblins
  5 quokkas
  4 ball pythons
  2 bats
  A frilled lizard (D:3)
  3 kobolds (D:4)
  4 rats
71 creatures vanquished.

Notes
Turn   | Place    | Note
-------+----------+-------------------------------------------
     0 | D:1      | qeuew the Merfolk Gladiator began the quest for the Orb.
     0 | D:1      | Reached XP level 1. HP: 16/16 MP: 1/1
    78 | D:1      | Reached XP level 2. HP: 23/23 MP: 2/2
   490 | D:1      | You fall into a shaft and drop 1 floor!
   530 | D:2      | Reached XP level 3. HP: 28/28 MP: 3/3
  1254 | D:2      | Found a glowing golden altar of the Shining One.
  1514 | D:2      | Noticed Natasha
  1529 | D:2      | Killed Natasha
  1530 | D:2      | Reached XP level 4. HP: 9/34 MP: 4/4
  1997 | D:3      | Reached skill level 1 in Armour
  2541 | D:3      | Reached XP level 5. HP: 37/41 MP: 5/5
  3003 | D:3      | Found a hazy altar of Hepliaklqana.
  3049 | D:3      | Reached skill level 5 in Dodging
  3212 | D:4      | Reached skill level 5 in Polearms
  3364 | D:4      | Found Wuezibb's Distillery.
  3434 | D:4      | Found a large runed translucent door.
  3434 | D:4      | Found a large runed translucent door.
  3436 | D:4      | Noticed funnyparkerb's ghost (amateur TrFi)
  4108 | D:5      | Entered Level 5 of the Dungeon
  4143 | D:5      | Found Uddonkar's Armour Emporium.
  4148 | D:5      | Reached XP level 6. HP: 28/47 MP: 6/6
  4398 | D:5      | HP: 2/48 [phantom (8)]
  5722 | D:5      | Splashed by a jelly's acid

Illustrated notes

Levels and vault maps discovered:
D:1:      dpeg_arrival_fog, layout_basic
D:2:      layout_loops_ring, basic_altar, uniq_natasha
D:3:      layout_basic, mainiacjoe_overflow_alcove_4, grunt_ministairs_11,
          chequers_avenue
D:4:      nicolae_cairo_tiling, layout_basic, ebering_ghost_disaster_area,
          serial_shops, nicolae_stop_n_shop_1
D:5:      layout_basic, gup_sewer_entry_spiral, serial_shops, shop,
          minivault_11, chequers_serial_rivers_small_b

Skill      XL: |  1  2  3  4  5  6 |
---------------+-------------------+-----
Armour         | 1 2 |  2.0
Fighting       | 3 4 |  4.0
Dodging        | 5 |  5.7
Polearms       | 5 |  5.6
Throwing       | 3 |  3.5

Action                   |  1- 3 |  4- 6 || total
-------------------------+-------+-------++-------
Melee: Trident           |    78 |   182 ||   260
       Punch             |       |     5 ||     5
       Tailslap          |       |     1 ||     1
Throw: Javelin           |       |     1 ||     1
       Throwing net      |       |     1 ||     1
  Use: Scroll            |     5 |     4 ||     9
       Potion            |       |     6 ||     6
 Stab: Sleeping          |     1 |       ||     1
Armor: Leather armour    |     1 |       ||     1
       Ring mail         |     9 |    46 ||    55
Dodge: Dodged            |    35 |   109 ||   144
